 Dungeon Crawl Stone Soup version 0.27.1-1-g398f81649c (webtiles) character file.

Game seed: 3681352280662452134

1857 Borgoz the Carver (level 8, 0/71 HPs)
             Began as a Minotaur Berserker on Sept 19, 2021.
             Was a Priest of Trog.
             Slain by an ice beast (5 damage)
             ... on level 7 of the Dungeon.
             The game lasted 00:05:32 (7308 turns).

Borgoz the Carver (Minotaur Berserker)              Turns: 7308, Time: 00:05:32

Health: 0/71       AC:  2    Str: 22    XL:     8   Next: 89%
Magic:  7/7        EV: 15    Int:  4    God:    Trog [***...]
Gold:   191        SH:  0    Dex: 12    Spells: 7/7 levels left

rFire    . . .     SeeInvis .   a - +0 falchion
rCold    + . .     Faith    .   (no shield)
rNeg     . . .     Spirit   .   b - +0 animal skin
rPois    .         Reflect  .   (helmet restricted)
rElec    .         Harm     .   (no cloak)
rCorr    .         Rampage  .   (no gloves)
Will     .....                  (no boots)
Stlth    +.........             (no amulet)
HPRegen  0.21/turn              c - ring of protection from cold
MPRegen  0.10/turn              (no ring)

@: no status effects
A: horns 2, retaliatory headbutt
a: Renounce Religion, Berserk, Trog's Hand


You were on level 7 of the Dungeon.
You worshipped Trog.
Trog was most pleased with you.
You visited 1 branch of the dungeon, and saw 7 of its levels.

You collected 191 gold pieces.

Inventory:

Hand Weapons
 a - a +0 falchion (weapon)
Armour
 b - a +0 animal skin (worn)
 m - a +0 scale mail
Jewellery
 c - a ring of protection from cold (left hand)
 u - a ring of ice
Wands
 g - a wand of flame (11)
 r - a wand of digging (6)
Scrolls
 f - 2 scrolls of torment {unknown}
 i - 2 scrolls of acquirement {unknown}
 j - a scroll of immolation {unknown}
 s - 2 scrolls of brand weapon {unknown}
 t - 3 scrolls of teleportation
 v - 3 scrolls of identify {unknown}
Potions
 d - 2 potions of flight {unknown}
 e - 2 potions of lignification {unknown}
 h - a potion of berserk rage {unknown}
 k - 2 potions of haste {unknown}
 l - a potion of attraction {unknown}
 n - a potion of curing {unknown}
 o - 2 potions of heal wounds {unknown}
 p - a potion of magic {unknown}
 q - a potion of ambrosia {unknown}
 w - a potion of invisibility {unknown}
 x - a potion of degeneration {unknown}
 z - a potion of might {unknown}


   Skills:
 + Level 6.6 Fighting
 * Level 8.9 Long Blades
 + Level 6.1 Armour
 * Level 7.6 Dodging


You had 7 spell levels left.
You didn't know any spells.
Your spell library was empty.

Dungeon Overview and Level Annotations

Branches:
Dungeon (7/15)             Temple (0/1) D:4

Altars:
Hepliaklqana
Okawaru
Ru
Uskayaw

Shops:
D:4 [   D:6 **


Innate Abilities, Weirdness & Mutations

You have a pair of horns on your head.
You reflexively headbutt those who attack you in melee.


Message History

* * * LOW HITPOINT WARNING * * *
You barely miss something. Something hits you.
* * * LOW HITPOINT WARNING * * *
You barely miss something. You headbutt something.
You recover from your berserk rage.
You barely miss something.
Your skin stops crawling.
You feel less strong-willed.
You hear some strange, mumbled words.
Something tries to affect you, but you resist.
You miss something. Your headbutt misses something. Something hits you.
* * * LOW HITPOINT WARNING * * *
You completely miss something. Your headbutt misses something.
Something hits you.
* * * LOW HITPOINT WARNING * * *
You miss something. Something hits you.
* * * LOW HITPOINT WARNING * * *
You closely miss something. You headbutt something. Trog accepts your kill.
Trog appreciates your killing of a magic user.
Reactivating autopickup.
You feel a bit more experienced.
You hit the ice beast but do no damage.
The ice beast is lightly wounded.
The ice beast hits you.
* * * LOW HITPOINT WARNING * * *
The ice beast freezes you! You resist.
* * * LOW HITPOINT WARNING * * *
You closely miss the ice beast.
The ice beast is lightly wounded.
The ice beast hits you.
* * * LOW HITPOINT WARNING * * *
The ice beast freezes you. You resist.
* * * LOW HITPOINT WARNING * * *
You closely miss the ice beast. You headbutt the ice beast!
The ice beast is moderately wounded.
The ice beast completely misses you.
You closely miss the ice beast.
The ice beast is moderately wounded.
The ice beast hits you.
You die...

......... #........
#...[...# .# ##...)....
<## .
.#####........####..#.
.........?.....#..... .
#........# #......# ..
#@.####.<.>.## #..
###Y##.# #.....# ...
#......###.....##...
##...#.........#....
#...##....<........
....../.............
..........####....=.#.
............ #......#.
...........####..).....


You could see an ice beast.

Vanquished Creatures
  Prince Ribbit (D:7)
  Grinder (D:3)
  Sigmund (D:2)
  2 orc warriors
  An ogre (D:5)
  2 centaurs
  A bullfrog (D:7)
  2 scorpions (D:6)
  3 orc priests
  2 bullfrog skeletons (D:6)
  A centaur zombie (D:6)
  A bullfrog zombie (D:5)
  A jelly (D:6)
  Jessica (D:3)
  Terence (D:2)
  3 iguanas
  5 orc wizards
  Robin (D:4)
  5 adders
  7 gnolls
  An adder skeleton (D:4)
  3 worms (D:2)
  A dart slug (D:1)
  10 orcs
  5 bats
  5 endoplasms
  4 giant cockroaches
  14 goblins
  6 hobgoblins
  3 jackals (D:1)
  4 quokkas
  9 ball pythons
  3 frilled lizards
  4 kobolds
  4 rats
  A spectral orc (D:3)
119 creatures vanquished.

Vanquished Creatures (others)
  3 plants (D:7)
3 creatures vanquished.

Grand Total: 122 creatures vanquished

Notes
Turn   | Place    | Note
-------+----------+-------------------------------------------
     0 | D:1      | Borgoz the Minotaur Berserker began the quest for the Orb.
     0 | D:1      | Reached XP level 1. HP: 19/19 MP: 0/0
   278 | D:1      | Reached XP level 2. HP: 27/27 MP: 1/1
   301 | D:1      | Reached skill level 4 in Long Blades
   504 | D:1      | Found a faded altar of an unknown god.
  1028 | D:2      | Reached XP level 3. HP: 33/33 MP: 2/2
  1385 | D:2      | Found a sacrificial altar of Ru.
  1423 | D:2      | Noticed Sigmund
  1431 | D:2      | Killed Sigmund
  1432 | D:2      | Reached skill level 5 in Long Blades
  1432 | D:2      | Reached XP level 4. HP: 39/41 MP: 3/3
  1432 | D:2      | Reached XP level 5. HP: 44/47 MP: 4/4
  1675 | D:2      | Noticed Terence
  1682 | D:2      | Killed Terence
  1688 | D:2      | Reached ** piety under Trog
  1985 | D:3      | Noticed Jessica
  1987 | D:3      | Killed Jessica
  1989 | D:3      | Noticed Grinder
  2176 | D:3      | Killed Grinder
  2177 | D:3      | Reached skill level 6 in Long Blades
  2177 | D:3      | Reached XP level 6. HP: 55/55 MP: 5/5
  2969 | D:3      | Found a hazy altar of Hepliaklqana.
  3135 | D:4      | Reached skill level 5 in Fighting
  3135 | D:4      | Reached skill level 5 in Dodging
  3528 | D:4      | Reached XP level 7. HP: 46/61 MP: 6/6
  3632 | D:4      | Found a staircase to the Ecumenical Temple.
  3661 | D:4      | Found an iron altar of Okawaru.
  3807 | D:4      | Noticed Robin
  3815 | D:4      | Killed Robin
  3964 | D:4      | Found Aver's Armour Shop.
  4369 | D:5      | Entered Level 5 of the Dungeon
  4761 | D:5      | Reached *** piety under Trog
  4823 | D:5      | Reached skill level 7 in Long Blades
  5473 | D:6      | Reached skill level 5 in Armour
  5483 | D:6      | Found a hide-covered altar of Uskayaw.
  5484 | D:6      | Noticed a +0 dagger
  5485 | D:6      | Noticed a +0 hand axe
  5604 | D:6      | Found Otoreroa's Neck Hole.
  5692 | D:6      | Reached XP level 8. HP: 9/70 MP: 7/7
  6498 | D:6      | Reached skill level 8 in Long Blades
  6688 | D:6      | Found Nuhyumok's Elemental Accessories.
  7185 | D:7      | Noticed Prince Ribbit
  7194 | D:7      | Killed Prince Ribbit
  7308 | D:7      | Slain by an ice beast

Illustrated notes

Levels and vault maps discovered:
D:1:      sevenhm_arrival_forest_fort_small_4, layout_basic,
          hellmonk_ecumenical_altar_inner_sanctum
D:2:      layout_basic, basic_altar, kennysheep_decorative_pillar, uniq_terence,
          uniq_sigmund
D:3:      layout_loops_ring, nicolae_hepliaklqana_monster_ancestors,
          kennysheep_generic_room_11, uniq_grinder, uniq_jessica
D:4:      layout_gridville, mainiacjoe_overflow_alcove_2, serial_shops,
          nicolae_diamond_shop, kennysheep_small_circle, uniq_robin
D:5:      layout_loops_cross, water_boxes_lemuel
D:6:      layout_basic, dancing_weapons_uskayaw, serial_co_window_serial,
          co_window_paths_a, co_window_cross_1, co_window_of_opportunity_a,
          co_window_of_opportunity_a, co_window_paths_a,
          co_window_of_opportunity_a, co_window_broadway_b, co_window_corner_b,
          co_window_2corner, co_window_corner_ca, co_window_of_opportunity_c,
          co_window_cross_4, co_window_paths_c, nicolae_elemental_shop,
          nicolae_shop_sticking_my_neck_out
D:7:      layout_cave_pools, lightli_temple_of_fire,
          nicolae_elyvilon_temple_path, mainiacjoe_overflow_small_starburst,
          uniq_prince_ribbit1

Skill      XL: |  1  2  3  4  5  6  7  8 |
---------------+-------------------------+-----
Long Blades    | 4 5 6 7 8 |  8.9
Fighting       | 4 5 6 |  6.6
Armour         | 3 4 5 6 |  6.1
Dodging        | 3 4 5 6 7 |  7.6

Action                   |  1- 3 |  4- 6 |  7- 9 || total
-------------------------+-------+-------+-------++-------
Melee: Falchion          |    52 |    78 |   144 ||   274
       Headbutt          |    10 |    19 |    34 ||    63
Invok: Berserk           |     1 |     2 |     6 ||     9
       Trog's Hand       |       |       |     3 ||     3
  Use: Scroll            |       |       |     3 ||     3
 Stab: Sleeping          |     2 |     2 |       ||     4
Armor: Animal skin       |    10 |    10 |    21 ||    41
Dodge: Dodged            |    37 |    52 |   103 ||   192
       Rpst.: Falchion   |     9 |    12 |    26 ||    47
